 Dungeon Crawl Stone Soup version 0.28-a0-863-g8cecda6153 (webtiles) character file.

Game seed: 1461628563861089810

707 gigimoi the Chiller (level 7, 0/46 HPs)
             Began as a Merfolk Ice Elementalist on Nov 17, 2021.
             Slain by a scorpion (6 damage)
             ... on level 5 of the Dungeon.
             The game lasted 00:21:36 (5320 turns).

gigimoi the Chiller (Merfolk Ice Elementalist)      Turns: 5320, Time: 00:21:37

Health: 0/46       AC:  9    Str:  8    XL:     7   Next: 67%
Magic:  6/12       EV: 14    Int: 17    God:
Gold:   175        SH:  0    Dex: 14    Spells: 4/12 levels left

rFire   x . .      SeeInvis .   t - +1 dagger (protect)
rCold   + + .      Faith    .   (no shield)
rNeg    . . .      Spirit   .   a - +0 robe
rPois   .          Reflect  .   (no helmet)
rElec   .          Harm     .   (no cloak)
rCorr   .          Rampage  .   (no gloves)
Will    .....                   (no boots)
Stlth   +++.......              e - amulet of magic regeneration
HPRegen 0.15/turn               f - ring of ice
MPRegen 0.38/turn               j - ring of protection from cold

@: lethally poisoned (0 -> -7), under a protective aura
A: (nimble swimmer 2), mertail
a: no special abilities


You were on level 5 of the Dungeon.
You visited 1 branch of the dungeon, and saw 5 of its levels.

You collected 175 gold pieces.

Inventory:

Hand Weapons
 b - a +0 club
 d - a +1 short sword of flaming
 n - a +1 short sword of electrocution
 t - a +1 dagger of protection (weapon)
Armour
 a - a +0 robe (worn)
Magical Staves
 q - a staff of poison
Jewellery
 e - an amulet of magic regeneration (around neck)
 f - a ring of ice (left hand)
 j - a ring of protection from cold (right hand)
Wands
 h - a wand of flame (30)
 p - a wand of paralysis (2)
 w - a wand of mindburst (15)
Scrolls
 g - a scroll of brand weapon {unknown}
 i - 6 scrolls of identify {unknown}
 l - a scroll of fog {unknown}
 m - a scroll of holy word {unknown}
 o - a scroll of teleportation {unknown}
 u - a scroll of vulnerability {unknown}
Potions
 c - 3 potions of cancellation {unknown}
 k - 2 potions of mutation {unknown}
 r - a potion of flight {unknown}
 s - 2 potions of haste {unknown}
 v - a potion of curing {unknown}


   Skills:
 + Level 4.8 Dodging
 * Level 5.6 Stealth
 + Level 3.4 Spellcasting
 * Level 2.8 Conjurations
 + Level 6.0 Ice Magic


You had 4 spell levels left.
You knew the following spells:

 Your Spells              Type           Power      Damage    Failure   Level
a - Freeze                Ice            100%       1d11      1%          1
b - Ozocubu's Armour      Ice            35%        N/A       4%          3
c - Hailstorm             Conj/Ice       27%        3d7       26%         4

Your spell library contained the following spells:

 Spells                   Type           Power      Damage    Failure   Level
 Frozen Ramparts          Ice            70%        1d9       4%          3
 Ensorcelled Hibernation  Hex/Ice        38%        N/A       8%          2
 Spider Form              Tmut/Pois      2%         N/A       45%         3
 Iskenderun's Battlesphe  Conj           12%        2d7       82%         5
 Fireball                 Conj/Fire      3%         3d4       95%         5
 Conjure Ball Lightning   Conj/Air       3%         3x3d6     100%        6
 Orb of Destruction       Conj           6%         9d3       100%        7


Dungeon Overview and Level Annotations

Branches:
Dungeon (5/15)
 Temple: D:4-7

Altars:


Innate Abilities, Weirdness & Mutations

((You are quick and stealthy near water. (Stealth+, EV+, Speed+++)))
Your lower body shifts to a powerful aquatic tail in water.


Message History

You hit the bullfrog skeleton.
The bullfrog skeleton is severely damaged.
The bullfrog skeleton closely misses you. x2
You hit the bullfrog skeleton.
The bullfrog skeleton is severely damaged.
The bullfrog skeleton closely misses you.
You hit the bullfrog skeleton.
The bullfrog skeleton is severely damaged.
The bullfrog skeleton closely misses you.
You hit the bullfrog skeleton.
The bullfrog skeleton is almost destroyed.
The bullfrog skeleton hits you.
* * * LOW HITPOINT WARNING * * *
The bullfrog skeleton closely misses you.
The scorpion misses you.
You hit the bullfrog skeleton.
The bullfrog skeleton is almost destroyed.
Your icy armour evaporates.
The bullfrog skeleton closely misses you.
The scorpion misses you.
You barely miss the bullfrog skeleton.
The bullfrog skeleton is almost destroyed.
The bullfrog skeleton closely misses you.
The scorpion stings you.
* * * LOW HITPOINT WARNING * * *
You are poisoned.
The scorpion poisons you!
Casting: Freeze (safe; 1% risk of failure)
Confirm with . or Enter, or press ? or * to list all spells.
Aiming: Freeze (safe; 1% risk of failure)
Press: ? - help, Shift-Dir - straight line, f - scorpion, p - bullfrog skeleton
Aim: a scorpion You feel a surge of power!
You freeze the scorpion.
The scorpion is lightly wounded.
You hear the slow rusting of a drain nearby.
* * * LOW HITPOINT WARNING * * *
You feel sick. The bullfrog skeleton hits you.
* * * LOW HITPOINT WARNING * * *
The scorpion stings you.
You die...

........ ........
........
###........
########..........
#.................
#........Z#s.....<
#.........@.......
#.................
#................[
#...............#.
#........>........
#.................
#...<.............
#...............##
#######.........


You could see a scorpion and a bullfrog skeleton.

Vanquished Creatures
  2 ogres
  3 hounds
  A jelly (D:4)
  An orc priest (D:4)
  Jessica (D:2)
  2 iguanas (D:4)
  Natasha (thrice) (D:2)
  An orc wizard (D:4)
  3 hound skeletons (D:4)
  6 adders
  An adder skeleton (D:4)
  2 worms
  4 dart slugs
  12 orcs
  2 bats
  9 endoplasms
  3 giant cockroaches (D:1)
  10 goblins
  3 hobgoblins
  6 jackals
  4 quokkas
  8 ball pythons
  3 frilled lizards
  8 kobolds
  3 rats
101 creatures vanquished.

Notes
Turn   | Place    | Note
-------+----------+-------------------------------------------
     0 | D:1      | gigimoi the Merfolk Ice Elementalist began the quest for
                  | the Orb.
     0 | D:1      | Reached XP level 1. HP: 13/13 MP: 3/3
   273 | D:1      | Reached XP level 2. HP: 17/19 MP: 1/5
   991 | D:1      | Reached XP level 3. HP: 24/24 MP: 3/6
  1159 | D:1      | Learned a level 3 spell: Ozocubu's Armour
  1291 | D:2      | Noticed Jessica
  1429 | D:2      | Noticed Natasha
  1432 | D:2      | Killed Natasha
  1612 | D:2      | Reached skill level 5 in Ice Magic
  1640 | D:2      | Killed Jessica
  1641 | D:2      | Reached XP level 4. HP: 19/30 MP: 5/7
  1768 | D:2      | Noticed Natasha
  1782 | D:2      | Killed Natasha
  1887 | D:2      | Learned a level 4 spell: Hailstorm
  1997 | D:2      | Noticed Natasha
  2001 | D:2      | Killed Natasha
  2002 | D:2      | Reached XP level 5. HP: 35/35 MP: 3/8
  3122 | D:3      | Found a faded altar of an unknown god.
  3328 | D:3      | Reached skill level 1 in Conjurations
  3422 | D:3      | Reached XP level 6. HP: 40/41 MP: 1/10
  4387 | D:4      | Reached skill level 5 in Stealth
  4387 | D:4      | Reached XP level 7. HP: 15/46 MP: 3/11
  5270 | D:5      | Entered Level 5 of the Dungeon
  5285 | D:5      | Reached skill level 6 in Ice Magic
  5320 | D:5      | Slain by a scorpion

Illustrated notes

Levels and vault maps discovered:
D:1:      sevenhm_arrival_forest_fort_large_2, layout_basic
D:2:      layout_basic, uniq_natasha, uniq_jessica
D:3:      minmay_recursive_quarters, layout_basic, ebering_ecumenical_altar_box,
          serial_curves, eino_curves_02, eino_curves_02, minmay_cut_off
D:4:      layout_loops_cross, st_stairs_10
D:5:      layout_rooms, temple_statues, lightli_sewer_entry_pipes

Skill      XL: |  1  2  3  4  5  6  7 |
---------------+----------------------+-----
Dodging        | 3 4 |  4.8
Stealth        | 3 4 5 |  5.6
Ice Magic      | 5 6 |  6.0
Conjurations   | 1 2 |  2.8
Spellcasting   | 3 |  3.4

Action                   |  1- 3 |  4- 6 |  7- 9 || total
-------------------------+-------+-------+-------++-------
Melee: Club              |    16 |       |       ||    16
       Short sword       |     4 |    14 |       ||    18
       Dagger            |       |    25 |    46 ||    71
 Cast: Freeze            |    35 |   100 |    38 ||   173
       Ozocubu's Armour  |       |    14 |     7 ||    21
 Stab: Sleeping          |       |    10 |     1 ||    11
Armor: Robe              |     7 |    22 |    47 ||    76
Dodge: Dodged            |    25 |    65 |    92 ||   182

Table legend: (Time is in decaauts)
 A = Elapsed time spent in this place.
 B = Non-inter-level travel time spent in this place.
 C = Inter-level travel time spent in this place.
 D = Time resting spent in this place.
 E = Time spent auto-exploring this place.
 F = Levels seen in this place.
 G = Mean time per level.
                   A        B        C        D        E       F      G
               +--------+--------+--------+--------+--------+-----+--------+
         Total |   5323 |   5138 |    185 |   2044 |   2300 |   5 | 1064.6 |
       Dungeon |   5323 |   5138 |    185 |   2044 |   2300 |   5 | 1064.6 |
               +--------+--------+--------+--------+--------+-----+--------+

Top non-repeatable levels by time:
     D:4: 1617 daAuts
     D:2: 1417 daAuts
     D:1: 1342 daAuts
     D:3: 896 daAuts
     D:5: 49 daAuts
